 Dungeon Crawl Stone Soup version 0.30.1-11-g7821555f0a (webtiles) character file.

Game seed: 11509867755386389232

32286 Chiseanne the Nimble (level 13, -14/103 HPs)
             Began as a Demonspawn Wanderer on Nov 17, 2023.
             Was an Initiate of Gozag.
             Demolished by a two-headed ogre
             ... wielding a +0 giant club
              (15 damage)
             ... while paralysed by an ogre mage
             ... on level 2 of the Orcish Mines.
             The game lasted 00:34:20 (13136 turns).

Chiseanne the Nimble (Demonspawn Wanderer)         Turns: 13136, Time: 00:34:21

Health: -14/103    AC: 29    Str: 17    XL:     13   Next: 30%
Magic:  0/14       EV:  2    Int: 10    God:    Gozag
Gold:   1711       SH:  0    Dex: 20    Spells: 14/14 levels left

rFire   . . .        a - +8 executioner's axe (flame)
rCold   . . .        (shield currently unavailable)
rNeg    . . .        b - +5 plate armour of the Sixty-Six Prophets {Dex+3}
rPois   .            (no helmet)
rElec   .            P - +2 cloak {rCorr}
rCorr   +            e - +2 pair of gloves
SInv    +            R - +2 pair of boots
Will    .....        v - amulet of the acrobat Stlth
                     h - +5 ring of evasion
HPRegen 0.37/turn    g - +5 ring of evasion
MPRegen 0.28/turn

%: acrobat, guardian spirit
@: paralysed
A: hooves 1, thin metallic scales 2, demonic guardian 1, magic shield, magic
regeneration, magic link, see invisible, deformed body
a: Renounce Religion, Potion Petition, Call Merchant, Bribe Branch


You were on level 2 of the Orcish Mines.
You worshipped Gozag.
Gozag was most pleased with you.
You visited 3 branches of the dungeon, and saw 16 of its levels.

You collected 3742 gold pieces.
You spent 1294 gold pieces at shops.
You paid 737 gold pieces to Gozag.

Inventory:

Hand Weapons
 a - a +8 executioner's axe of flaming (weapon)
 s - a +3 trident of protection
Missiles
 f - 95 stones
 q - 24 poisoned darts
 t - 6 curare-tipped darts (quivered)
 z - 9 boomerangs
 C - 2 throwing nets
Armour
 b - the +5 plate armour of the Sixty-Six Prophets (worn) {Dex+3}
   (You bought it in a shop on level 6 of the Dungeon)

   Dex:       It affects your dexterity (+3).
 e - a +2 pair of gloves (worn)
 L - a +2 kite shield of reflection
 P - a +2 cloak of preservation (worn)
 R - a +2 pair of boots (worn)
Jewellery
 g - a +5 ring of evasion (right hand)
 h - a +5 ring of evasion (left hand)
 i - an amulet of regeneration
 v - an amulet of the acrobat (around neck)
 y - an amulet of faith
 D - the amulet "Feewkeurph" {RegenMP *Slow rElec Int+2}
   (You found it on level 6 of the Dungeon)

   [amulet of magic regeneration]

   It increases your rate of magic regeneration.
   Int:       It affects your intelligence (+2).
   rElec:     It insulates you from electricity.
   *Slow:     It may slow you when you take damage.
 F - a ring of poison resistance
 H - a ring of see invisible
 K - the ring "Ankeuz Iburu" {Will- MP+9 Str+3 Int+7 Dex+3}
   (You found it on level 5 of the Dungeon)

   [ring of magical power]

   Str:       It affects your strength (+3).
   Int:       It affects your intelligence (+7).
   Dex:       It affects your dexterity (+3).
   MP:        It affects your magic capacity (+9).
   Will:      It decreases your willpower.
Wands
 d - a wand of mindburst (6)
 w - a wand of digging (7)
 G - a wand of paralysis (10)
 M - a wand of flame (10)
 O - a wand of acid (6)
Scrolls
 k - a scroll of amnesia
 o - 5 scrolls of magic mapping
 r - 3 scrolls of fog
 E - a scroll of enchant armour
 J - 2 scrolls of immolation
Potions
 c - 10 potions of curing
 j - 3 potions of heal wounds
 l - 2 potions of mutation
 m - 5 potions of brilliance
 n - 3 potions of invisibility
 x - 2 potions of flight
 A - 3 potions of resistance
 B - 5 potions of magic
 N - a potion of berserk rage


   Skills:
 - Level 9.8 Fighting
 * Level 9.4 Axes
 - Level 1.0 Ranged Weapons
 * Level 12.3 Armour
 * Level 12.4 Dodging
 - Level 1.0 Spellcasting


You had 14 spell levels left.
You didn't know any spells.
Your spell library contained the following spells:

 Spells                   Type           Power      Damage    Failure   Level
 Summon Small Mammal      Summ           0%         N/A       100%        1
 Blink                    Tloc           0%         N/A       100%        2
 Lesser Beckoning         Tloc           0%         N/A       100%        2
 Momentum Strike          Conj/Tloc      0%         3d8       100%        2
 Poisonous Vapours        Pois/Air       0%         N/A       100%        2
 Call Canine Familiar     Summ           0%         N/A       100%        3
 Dazzling Flash           Conj/Hex       0%         N/A       100%        3
 Inner Flame              Hex/Fire       0%         N/A       100%        3
 Mephitic Cloud           Conj/Pois/Air  0%         N/A       100%        3
 Ozocubu's Armour         Ice            0%         N/A       100%        3
 Stone Arrow              Conj/Erth      0%         3d7       100%        3
 Summon Guardian Golem    Hex/Summ       0%         N/A       100%        3
 Animate Armour           Summ/Erth      0%         N/A       100%        4
 Flame Wave               Conj/Fire      0%         2d4       100%        4
 Sticky Flame             Conj/Fire      0%         2d3       100%        4
 Agony                    Necr           0%         N/A       100%        5
 Freezing Cloud           Conj/Ice/Air   0%         6-21      100%        5
 Silence                  Hex/Air        0%         N/A       100%        5
 Ozocubu's Refrigeration  Ice            0%         4d7       100%        7
 Lehudib's Crystal Spear  Conj/Erth      0%         10d2      100%        8


Dungeon Overview and Level Annotations

Branches:
Dungeon (13/15)            Temple (1/1) D:4            Lair (0/5) D:9
    Orc (2/2) D:11
    Elf: Orc:2       Vaults: D:13-14

Altars:
Ashenzari
Cheibriados
Dithmenos
Fedhas
Gozag
Hepliaklqana
Kikubaaqudgha
Makhleb
Nemelex Xobeh
Qazlal
Ru
Sif Muna
Trog
Uskayaw
Wu Jian
Xom
Yredelemnul

Shops:
D:6 [   D:10 [   Orc:1 !   Orc:2 *=

Annotations:
D:3 2 transporters, mihai's ghost, amateur TrFi
D:4 exclusion: upstairs
D:5 3 runed translucent doors, Beranek's ghost, novice GrFi
D:10 exclusion: orange crystal statue
D:12 Frances


Innate Abilities, Weirdness & Mutations

You have large cloven feet.
You are mostly covered in thin metallic scales. (AC +3)
A weak demonic guardian rushes to your aid.
When hurt, damage is shared between your health and your magic reserves.
You regenerate magic rapidly.
When low on magic, you restore magic in place of health.
You have supernaturally acute eyesight. (SInv)
Armour fits poorly on your strangely shaped body.


Message History

You hit the two-headed ogre but do no damage.
You slash the two-headed ogre! You burn the two-headed ogre!
You slash the ogre mage! You burn the ogre mage.
The two-headed ogre completely misses you.
The two-headed ogre hits you with a +0 giant spiked club!
The ogre mage gestures at you while chanting.
You suddenly lose the ability to move!
The two-headed ogre hits you with a +0 giant club!
The two-headed ogre hits you but does no damage.
The two-headed ogre completely misses you.
The two-headed ogre hits you but does no damage.
The ogre is distracted by your dazzling golden aura.
The ogre shouts!
The ogre mage hits you but does no damage.
The two-headed ogre hits you with a +0 giant club!
The two-headed ogre hits you with a +0 giant spiked club.
The two-headed ogre hits you with a +0 giant club!
The two-headed ogre hits you with a +0 giant spiked club.
The two-headed ogre is distracted by your dazzling golden aura.
The ogre mage hits you but does no damage.
The ogre hits you with a +0 giant spiked club!
The ogre hits you with a +0 giant spiked club.
The two-headed ogre shouts in stereo!
The ogre is no longer distracted by gold.
The two-headed ogre hits you but does no damage. x2
The two-headed ogre hits you with a +0 giant club!
* * * LOW HITPOINT WARNING * * *
A demonic guardian appears!
The two-headed ogre hits you with a +0 giant spiked club!
* * * LOW HITPOINT WARNING * * *
The ogre hits you with a +0 giant spiked club.
* * * LOW HITPOINT WARNING * * *
The ogre hits you with a +0 giant spiked club.
* * * LOW HITPOINT WARNING * * *
The ogre mage hits you but does no damage.
The two-headed ogre hits you with a +0 giant club.
* * * LOW HITPOINT WARNING * * *
The two-headed ogre hits you with a +0 giant spiked club!
You die...
Your body crumbles into a pile of gold.

...............
....∩∩........#.......
#........#............
#........#............
#........#.........$..
#........#...........#
#....O...#....##...... #.
#..OOOO##............ #..
#..O@O5##.........#.#
.#..###.O..###............
.....###..###.............
#.......................
.##...........#.......###
..........######....#..#.
........))## ##..........
...........# #............
......#....####...........


You could see 4 two-headed ogres, an ogre mage (invisible), 3 ogres and a
friendly quasit (summoned).

Vanquished Creatures
  An ettin (Orc:1)
  Josephine (D:10)
  Erolcha (Orc:1)
  2 ogre magi
  A catoblepas (D:12)
  A boulder beetle (D:12)
  10 two-headed ogres
  2 tengu warriors (D:11)
  An orc knight (Orc:1)
  3 harpies (D:12)
  A necromancer (D:9)
  An ugly thing (D:11)
  3 orc sorcerers
  3 manticores
  2 cyclopes
  Joseph (D:8)
  Maggie (D:8)
  An unseen horror (D:12)
  A komodo dragon (D:11)
  5 trolls
  Grinder (D:3)
  A hornet (D:9)
  2 vampires
  A shadow (D:9)
  5 wyverns
  5 wraiths
  12 yaks
  4 basilisks
  7 vampire mosquitoes
  A steam dragon (D:9)
  3 acid dragons
  3 wargs
  3 water moccasins
  An ice beast (D:5)
  A sky beast (D:7)
  8 orc warriors
  25 ogres
  2 wolves (D:9)
  3 black bears
  5 centaurs
  3 phantoms
  2 kobold brigands
  A bullfrog (D:8)
  A gnoll sergeant (D:8)
  2 scorpions
  9 wights
  2 howler monkeys
  5 hounds
  A jelly (D:6)
  14 orc priests
  3 iron imps (D:6)
  2 sleepcaps (D:7)
  2 iguanas
  12 orc wizards
  A polar bear simulacrum (D:9)
  4 yak simulacra (D:9)
  A wolf simulacrum (D:9)
  11 gnolls
  14 adders
  A shadow imp (D:6)
  3 white imps
  3 ufetubi
  6 worms
  5 dart slugs
  67 orcs
  10 bats
  10 endoplasms
  4 giant cockroaches
  6 goblins
  10 hobgoblins
  6 jackals
  7 quokkas
  7 ball pythons
  5 frilled lizards
  11 kobolds
  6 rats
  5 river rat simulacra (D:9)
397 creatures vanquished.

Vanquished Creatures (collateral kills)
  2 orc warriors (Orc:1)
  An orc (Orc:1)
3 creatures vanquished.

Vanquished Creatures (others)
  A human (D:7)
  2 orc wizards
3 creatures vanquished.

Grand Total: 403 creatures vanquished

Notes
Turn   | Place    | Note
-------+----------+-------------------------------------------
     0 | D:1      | Chiseanne the Demonspawn Wanderer began the quest for the
                  | Orb.
     0 | D:1      | Chiseanne set off with the following items: a +2 hand axe,
                  | a +0 sling, a +0 pair of boots, a potion of haste, a +0
                  | leather armour.
     0 | D:1      | Reached XP level 1. HP: 15/15 MP: 2/2
    81 | D:1      | Gained mutation: You have large cloven feet. [demonic
                  | ancestry]
    81 | D:1      | Reached XP level 2. HP: 19/21 MP: 3/3
    93 | D:1      | Found a shadowy altar of Dithmenos.
   584 | D:1      | Gained mutation: You are partially covered in thin metallic
                  | scales. (AC +2) [demonic ancestry]
   584 | D:1      | Reached XP level 3. HP: 27/27 MP: 4/4
  1040 | D:2      | Gained mutation: You are mostly covered in thin metallic
                  | scales. (AC +3) [demonic ancestry]
  1040 | D:2      | Reached XP level 4. HP: 34/34 MP: 5/5
  1589 | D:4      | Reached XP level 5. HP: 38/41 MP: 6/6
  1866 | D:3      | Noticed Grinder
  1878 | D:3      | Killed Grinder
  1879 | D:3      | Reached XP level 6. HP: 44/48 MP: 7/7
  2039 | D:3      | Noticed mihai's ghost (amateur TrFi)
  2072 | D:3      | Found a transporter.
  2108 | D:3      | Found a transporter.
  2561 | D:4      | Gained mutation: You regenerate magic rapidly. [demonic
                  | ancestry]
  2561 | D:4      | Reached XP level 7. HP: 55/55 MP: 8/8
  2586 | D:4      | Found a staircase to the Ecumenical Temple.
  2616 | Temple   | Entered the Ecumenical Temple
  2620 | Temple   | Became a worshipper of Gozag Ym Sagoz the Greedy
  2790 | D:5      | Entered Level 5 of the Dungeon
  2875 | D:5      | Identified the ring "Ankeuz Iburu" {Will- MP+9 Str+3 Int+7
                  | Dex+3}
  3102 | D:5      | Reached skill level 5 in Fighting
  3143 | D:5      | Reached skill level 5 in Dodging
  3228 | D:5      | Reached XP level 8. HP: 63/63 MP: 9/9
  3241 | D:5      | Reached skill level 5 in Armour
  3461 | D:5      | Found a sparkling altar of Nemelex Xobeh.
  3705 | D:5      | Found a runed translucent gate.
  3705 | D:5      | Found a runed translucent gate.
  3706 | D:5      | Found a runed translucent gate.
  3710 | D:5      | Noticed Beranek's ghost (novice GrFi)
  3862 | D:6      | Identified the amulet "Feewkeurph" {RegenMP *Slow rElec
                  | Int+2}
  4522 | D:6      | Found Maowyagg's Antique Armour Emporium.
  4694 | D:6      | Gained mutation: When hurt, damage is shared between your
                  | health and your magic reserves. [demonic ancestry]
  4694 | D:6      | Reached XP level 9. HP: 71/71 MP: 10/10
  4799 | D:6      | Found a burning altar of Makhleb.
  5038 | D:7      | Found an ancient bone altar of Kikubaaqudgha.
  6000 | D:8      | Found a shimmering altar of Xom.
  6000 | D:8      | Found a hide-covered altar of Uskayaw.
  6031 | D:8      | Noticed an orc sorcerer
  6031 | D:8      | Identified the +4 ring mail of the Slorg {Will+ Int+3}
  6035 | D:8      | Noticed a rust devil
  6136 | D:8      | Noticed Maggie
  6153 | D:8      | Killed Maggie
  6240 | D:8      | Killed an orc sorcerer
  6301 | D:8      | Noticed Joseph
  6320 | D:8      | Killed Joseph
  6321 | D:8      | Reached XP level 10. HP: 50/82 MP: 9/11
  7460 | D:9      | Found a staircase to the Lair.
  7972 | D:9      | Noticed a necromancer
  7981 | D:9      | Killed a necromancer
  8510 | D:9      | Identified a scroll of acquirement
  8510 | D:9      | Acquired a +6 executioner's axe of electrocution
  8553 | D:10     | Entered Level 10 of the Dungeon
  8693 | D:6      | Bought an aquamarine-encrusted plate armour for 644 gold
                  | pieces
  8693 | D:6      | Identified the +5 plate armour of the Sixty-Six Prophets
                  | {Dex+3} (You bought it in a shop on level 6 of the Dungeon)
  8877 | D:10     | Noticed an orange crystal statue
  8990 | D:10     | Gained mutation: A weak demonic guardian rushes to your
                  | aid. [demonic ancestry]
  8990 | D:10     | Reached XP level 11. HP: 79/90 MP: 9/12
  9001 | D:10     | Noticed Josephine
  9016 | D:10     | Killed Josephine
  9468 | D:11     | Noticed a white ugly thing
  9477 | D:11     | Killed a white ugly thing
  9478 | D:11     | Reached skill level 5 in Axes
  9608 | D:11     | Noticed a tengu warrior
  9608 | D:11     | Noticed a tengu warrior
  9622 | D:11     | Reached skill level 10 in Dodging
  9885 | D:11     | Reached skill level 10 in Armour
 10063 | D:11     | Killed a tengu warrior
 10070 | D:11     | Killed a tengu warrior
 10383 | D:11     | Found a staircase to the Orcish Mines.
 10527 | D:12     | Noticed a two-headed ogre
 10530 | D:12     | Killed a two-headed ogre
 10531 | D:12     | Reached XP level 12. HP: 97/97 MP: 13/13
 10548 | D:12     | Noticed a boulder beetle
 10579 | D:12     | Killed a boulder beetle
 10977 | D:12     | Noticed a catoblepas
 11013 | D:12     | Killed a catoblepas
 11199 | D:13     | Noticed Frances
 11199 | D:13     | Noticed a centaur warrior
 11216 | D:13     | Gained mutation: You are frail. (-10% HP) [a neqoxec]
 11475 | Orc:1    | Entered Level 1 of the Orcish Mines
 11574 | Orc:1    | Found Seoducli's Distillery.
 11585 | Orc:1    | Bought a potion of berserk rage for 65 gold pieces
 11585 | Orc:1    | Bought a potion of invisibility for 104 gold pieces
 11585 | Orc:1    | Bought a potion of resistance for 130 gold pieces
 11585 | Orc:1    | Bought a potion of curing for 39 gold pieces
 11585 | Orc:1    | Bought 2 potions of magic for 208 gold pieces
 11585 | Orc:1    | Bought a potion of magic for 104 gold pieces
 11695 | Orc:1    | Noticed an ettin
 11708 | Orc:1    | Killed an ettin
 12260 | Orc:2    | Entered Level 2 of the Orcish Mines
 12263 | Orc:2    | Noticed Erolcha
 12275 | Orc:1    | Killed Erolcha
 12648 | Orc:2    | Noticed a two-headed ogre
 12676 | Orc:2    | Killed a two-headed ogre
 12689 | Orc:2    | Noticed a two-headed ogre
 12690 | Orc:2    | Noticed a two-headed ogre
 12690 | Orc:2    | Noticed an ogre mage
 12702 | Orc:2    | Noticed a two-headed ogre
 12705 | Orc:1    | Killed an ogre mage
 12706 | Orc:1    | Killed a two-headed ogre
 12720 | Orc:1    | Killed a two-headed ogre
 12721 | Orc:1    | Gained mutation: When low on magic, you restore magic in
                  | place of health. [demonic ancestry]
 12721 | Orc:1    | Reached XP level 13. HP: 85/92 MP: 14/14
 12728 | Orc:1    | Lost mutation: You are frail. (-10% HP) [potion of
                  | mutation]
 12728 | Orc:1    | Gained mutation: Armour fits poorly on your strangely
                  | shaped body. [potion of mutation]
 12728 | Orc:1    | Gained mutation: You have supernaturally acute eyesight.
                  | (SInv) [potion of mutation]
 13125 | Orc:2    | Found Gameguwn's Jewellery Boutique.
 13125 | Orc:2    | Found Nigaedaq's General Store.
 13132 | Orc:2    | Paralysed by an ogre mage for 5 turns
 13136 | Orc:2    | HP: 5/103 [ogre/+0 giant spiked club (5)]
 13136 | Orc:2    | HP: 1/103 [two-headed ogre/+0 giant club (4)]
 13136 | Orc:2    | Demolished by a two-headed ogre

Illustrated notes

Levels and vault maps discovered:
D:1:      dpeg_arrival_radiant, layout_basic, minmay_hexomino_r4
D:2:      layout_basic
D:3:      layout_basic, gammafunk_ghost_stat_death, dk_vineyard_1, uniq_grinder
D:4:      layout_cave_pools, minmay_temple_entry_enclosed_plants,
          kennysheep_pointless_box, minmay_between
D:5:      layout_loops_cross, nemelex_spade_bored_becter,
          ebering_ghost_rock_garden
D:6:      layout_rooms, demons_altar, serial_shops,
          nicolae_shop_back_alley_shop, lemuel_flame_loot_1
D:7:      layout_loops_cross, tgw_kikubaaqudgha, serial_aquarium,
          aquarium_bridge_long_joined [aquarium_subvault_bridge,
          aquarium_subvault_wall, aquarium_subvault_window,
          aquarium_subvault_window, aquarium_subvault_bridge,
          aquarium_subvault_bridge], aquarium_bridge_island_small
          [aquarium_subvault_small_open, aquarium_subvault_wall,
          aquarium_subvault_bridge, aquarium_subvault_balcony,
          aquarium_subvault_bridge], aquarium_window_3, aquarium_window_1,
          aquarium_window_fake, aquarium_view_2b, aquarium_pool_S,
          corexii_checkpoint_a
D:8:      cheibrodos_wizards_tower, layout_loops_ring,
          grunt_temple_overflow_open, minmay_misc_feat_square, uniq_maggie,
          uniq_joseph
D:9:      layout_stronghold, minmay_lair_entry_grove, eino_house_with_fridge
D:10:     minmay_separated_statues, layout_cave_pools, uniq_josephine
D:11:     layout_gridville, hiddenorc1_lemuel, serial_bayou_pond_e
D:12:     layout_gridville, argonaut_gorgonesque
D:13:     layout_stronghold, serial_park_tiny_pond, uniq_frances
Temple:   nicolae_temple_x_marks_the_god
Orc:1:    layout_caves, serial_shops, nicolae_shop_waterfront,
          nicolae_orc_flooded_monolith
Orc:2:    st_orc_ogre_mass, layout_caves, gammafunk_ghost_necromancy,
          nicolae_orc_lost_temple, uniq_erolcha

Skill      XL: |  1  2  3  4  5  6  7  8  9 10 11 12 13 |
---------------+----------------------------------------+-----
Dodging        | 2 3 4 5 6 7 9 10 12 | 12.4
Fighting       | 2 3 4 5 6 8 9 |  9.8
Armour         | 2 3 4 6 7 9 10 11 12 | 12.3
Axes           | 6 8 9 |  9.4
Ranged Weapons | |  1.0
Spellcasting   | |  1.0

Action                     |  1- 3 |  4- 6 |  7- 9 | 10-12 | 13-15 || total
---------------------------+-------+-------+-------+-------+-------++-------
  Melee: Hand axe          |    86 |   172 |   335 |       |       ||   593
         Punch             |       |     1 |     3 |       |       ||     4
         Dire flail        |       |       |    94 |   182 |       ||   276
         Executioner's axe |       |       |       |   310 |    46 ||   356
  Throw: Dart              |       |       |     5 |     6 |       ||    11
         Boomerang         |       |       |     5 |       |       ||     5
 Invoke: Call Merchant     |       |       |       |     1 |       ||     1
  Evoke: Wand              |       |       |       |     3 |       ||     3
    Use: Scroll            |     3 |     4 |    10 |    15 |       ||    32
         Potion            |       |     2 |     2 |    10 |     1 ||    15
   Stab: Sleeping          |     1 |     1 |       |       |       ||     2
         Distracted        |       |       |     3 |     3 |       ||     6
         Paralysed         |       |       |       |     3 |       ||     3
         Petrified         |       |       |       |     7 |       ||     7
 Armour: Leather armour    |    18 |     7 |       |       |       ||    25
         Ring mail         |       |    24 |    61 |       |       ||    85
         Steam dragon scal |       |       |     3 |    54 |       ||    57
         Plate armour      |       |       |       |   222 |    31 ||   253
  Dodge: Dodged            |    88 |   203 |   453 |   864 |    94 ||  1702
